 Dungeon Crawl Stone Soup version 0.29-a0-333-gb4c28e87c6 (webtiles) character file.

Game seed: 14553722099261391111

510 Jortsu the Skirmisher (level 6, -3/49 HPs)
             Began as a Demonspawn Fighter on Apr 13, 2022.
             Was a Plaything of Xom.
             Slain by a gnoll
             ... wielding a +0 spear
              (4 damage)
             ... on level 6 of the Dungeon.
             The game lasted 00:07:10 (3180 turns).

Jortsu the Skirmisher (Demonspawn Fighter)          Turns: 3180, Time: 00:07:11

Health: -3/49      AC: 13    Str: 19    XL:     6   Next: 98%
Magic:  6/6        EV:  7    Int:  9    God:    Xom [.....*]
Gold:   145        SH:  5    Dex: 14    Spells: 5/5 levels left

rFire   . . .      SeeInvis .   a - +1 war axe
rCold   . . .      Faith    .   c - +0 buckler
rNeg    . . .      Spirit   .   m - +0 chain mail
rPois   +          Reflect  .   (helmet restricted)
rElec   .          Harm     .   (no cloak)
rCorr   .          Rampage  .   (no gloves)
Will    .....                   e - +1 pair of boots
Stlth   ..........              (no amulet)
HPRegen 0.16/turn               (no ring)
MPRegen 0.10/turn               (no ring)

@: no status effects
A: antennae 1, hooves 1, spiny 1, iridescent scales 1, agile 1, poison
resistance, MP-powered wands
a: Renounce Religion


You were on level 6 of the Dungeon.
You worshipped Xom.
You were Xom's teddy bear.
You visited 1 branch of the dungeon, and saw 4 of its levels.
You also visited: Sewer.

You collected 145 gold pieces.

Inventory:

Hand Weapons
 a - a +1 war axe (weapon)
Armour
 b - a +0 helmet
 c - a +0 buckler (worn)
 e - a +1 pair of boots (worn)
 m - a +0 chain mail (worn)
Jewellery
 j - the dreamshard necklace {*Dream Drain}
   (You found it on level 2 of the Dungeon)

   [amulet of nothing]

   It shatters if its wearer takes lethal or near-lethal damage, preventing the
   blow and releasing protective dreams that heal and fight for the wearer.
   Drain:     It drains your maximum health when unequipped.
Scrolls
 d - a scroll of enchant armour
 f - a scroll of blinking
 l - 2 scrolls of enchant weapon
 r - a scroll of fog
Potions
 g - a potion of magic
 h - a potion of flight {unknown}
 o - a potion of cancellation {unknown}
 p - a potion of invisibility {unknown}
 q - 2 potions of heal wounds {unknown}


   Skills:
 + Level 4.6 Fighting
 + Level 4.5 Axes
 + Level 4.0 Armour
 + Level 0.7 Dodging
 + Level 3.5 Shields


You had 5 spell levels left.
You didn't know any spells.
Your spell library contained the following spells:

 Spells                   Type           Power      Damage    Failure   Level
 Inner Flame              Hex/Fire       0%         N/A       100%        3
 Cause Fear               Hex            0%         N/A       100%        4
 Discord                  Hex            0%         N/A       100%        8


Dungeon Overview and Level Annotations

Branches:
Dungeon (3/15)              Sewer (visited)

Altars:
Dithmenos
Okawaru
Xom


Innate Abilities, Weirdness & Mutations

You have a pair of small antennae on your head.
You have large cloven feet.
You are partially covered in sharp spines.
You are partially covered in iridescent scales. (AC +2)
You are agile. (Dex +2)
Your system is resistant to poisons. (rPois)
You expend magic power (3 MP) to strengthen your wands.


Message History

The salamander wields a +0 whip.
You barely miss the orc.
The orc is severely wounded.
You barely miss the adder. The adder bites you but does no damage.
A necrophage comes into view.
The orc is struck by your spines.
You kill the orc!
The adder bites you but does no damage. The gnoll barely misses you.
You barely miss the gnoll. You hit the adder.
The adder bites you but does no damage. The gnoll is struck by your spines.
The gnoll hits you but does no damage.
The orc priest looks braver for a moment.
You block the gnoll's attack.
You hit the salamander.
The salamander is lightly wounded.
You closely miss the gnoll. You block the gnoll's attack. x2
The salamander barely misses you.
You slash the salamander!
The salamander is lightly wounded.
You slash the gnoll!
You kill the gnoll!
You block the gnoll's attack.
The salamander is struck by your spines.
The salamander hits you with a +0 whip.
You are engulfed in flames!
A shower of butterflies erupts from you!
The adder is struck by your spines. The adder bites you.
You hit the salamander.
The salamander is moderately wounded.
You miss the adder. "This might be better!"
The salamander is moving more slowly.
The necrophage closely misses your butterfly.
The gnoll completely misses you. The adder bites you but does no damage.
The salamander hits you with a +0 whip!
* * * LOW HITPOINT WARNING * * *
You are engulfed in flames!
* * * LOW HITPOINT WARNING * * *
The gnoll hits you from afar with a +0 spear.
You die...
Xom laughs nastily!

#)))....## ...
##.###....# ....
#.)..###..####..#
#......##..≈≈..#
#..._...#..≈≈..#
#......##..≈≈..#
#....###.bb##+..#
##.###....#.b# ..
#.......##b@# .
##....#####NS#
######


#o.gn #..b.$. ......... ##.####.. .# . .# You could see a salamander shaped
shifter (petrifying, ally target), a necrophage, an orc priest, a gnoll and an
adder.

Vanquished Creatures
  Pikel (D:6)
  2 kobold brigands
  A hound (D:6)
  An iron imp (D:6)
  An orc priest (D:3)
  Robin (D:3)
  A gnoll (D:6)
  8 adders
  5 river rats
  5 worms
  2 dart slugs
  5 orcs
  4 endoplasms
  3 giant cockroaches
  19 goblins
  7 hobgoblins
  19 jackals
  15 kobolds
  3 quokkas
  6 ball pythons
  6 bats
  3 frilled lizards
  12 rats
130 creatures vanquished.

Vanquished Creatures (others)
  A fungus (D:2)
  15 plants
16 creatures vanquished.

Grand Total: 146 creatures vanquished

Notes
Turn   | Place    | Note
-------+----------+-------------------------------------------
     0 | D:1      | Jortsu the Demonspawn Fighter began the quest for the Orb.
     0 | D:1      | Reached XP level 1. HP: 18/18 MP: 1/1
   233 | D:1      | Gained mutation: You are partially covered in sharp spines.
                  | [demonic ancestry]
   233 | D:1      | Reached XP level 2. HP: 24/24 MP: 2/2
   691 | D:1      | Reached XP level 3. HP: 27/29 MP: 3/3
  1242 | D:2      | Discovered your monstrous ancestry.
  1242 | D:2      | Gained mutation: You have large cloven feet. [demonic
                  | ancestry]
  1242 | D:2      | Reached XP level 4. HP: 35/36 MP: 4/4
  1254 | D:2      | Found the dreamshard necklace {*Dream Drain}
  1794 | D:2      | Found a faded altar of an unknown god.
  1798 | D:2      | Prayed at the altar of an unknown god.
  1798 | D:2      | Became a worshipper of Xom of Chaos
  1947 | D:3      | Noticed Robin
  1958 | D:3      | Killed Robin
  1973 | D:3      | XOM: silly message
  2027 | D:3      | XOM: silly message
  2138 | D:3      | Found an iron altar of Okawaru.
  2232 | D:3      | Reached XP level 5. HP: 40/42 MP: 5/5
  2339 | D:3      | Found a glowing drain.
  2344 | Sewer    | Entered a sewer
  2415 | Sewer    | XOM: silly message
  2425 | Sewer    | XOM: 2-stop teleportation journey
  2605 | Sewer    | XOM: give mutations
  2605 | Sewer    | Gained mutation: You expend magic power (3 MP) to
                  | strengthen your wands. [Xom's grace]
  2605 | Sewer    | Gained mutation: Your system is resistant to poisons.
                  | (rPois) [Xom's grace]
  2605 | Sewer    | Gained mutation: You are agile. (Dex +2) [Xom's grace]
  2605 | Sewer    | Gained mutation: You are partially covered in iridescent
                  | scales. (AC +2) [Xom's grace]
  2608 | Sewer    | XOM: scenery: summon butterflies
  2617 | Sewer    | Gained mutation: You have a pair of small antennae on your
                  | head. [demonic ancestry]
  2617 | Sewer    | Reached XP level 6. HP: 32/49 MP: 6/6
  2865 | Sewer    | XOM: cloud trail
  3093 | D:3      | XOM: 8-stop teleportation journey
  3094 | D:3      | You fall into a shaft and drop 3 floors!
  3094 | D:6      | Found a shadowy altar of Dithmenos.
  3097 | D:6      | XOM: polymorph lemure -> iron imp
  3100 | D:6      | XOM: confuse monster(s)
  3107 | D:6      | Noticed Pikel
  3108 | D:6      | XOM: divine lightning
  3110 | D:6      | Killed Pikel
  3174 | D:6      | Noticed a shapeshifter
  3174 | D:6      | a gnoll changed into a shapeshifter
  3174 | D:6      | XOM: polymorph gnoll -> shapeshifter
  3174 | D:6      | Noticed a salamander
  3174 | D:6      | a shapeshifter changed into a salamander
  3179 | D:6      | XOM: butterfly on damage
  3180 | D:6      | XOM: enchant monster (good)
  3180 | D:6      | HP: 1/49 [salamander (shapeshifter)/+0 whip (12)]
  3180 | D:6      | Slain by a gnoll

Illustrated notes

Levels and vault maps discovered:
D:1:      scummos_arrival_simple_fountains, layout_basic
D:2:      minmay_general_purpose_star, layout_loops_ring,
          shapermc_ecumenical_altar_petra
D:3:      kennysheep_goblin_castle, layout_loops_corners, okawaru_trees_2,
          lightli_sewer_entry_pipes, minmay_misc_feat_tower
D:6:      layout_loops_ring, mainiacjoe_overflow_two_lobes, uniq_pikel

Skill      XL: |  1  2  3  4  5  6 |
---------------+-------------------+-----
Shields        | 3 |  3.5
Armour         | 3 4 |  4.0
Axes           | 2 3 4 |  4.5
Fighting       | 4 |  4.6
Dodging        | |  0.7

Action                   |  1- 3 |  4- 6 || total
-------------------------+-------+-------++-------
Melee: War axe           |    76 |   142 ||   218
  Use: Scroll            |     1 |     6 ||     7
       Potion            |       |     1 ||     1
Armor: Scale mail        |    37 |     2 ||    39
       Chain mail        |       |    77 ||    77
Dodge: Dodged            |    33 |    50 ||    83
Block: Buckler           |    22 |    42 ||    64

Table legend: (Time is in decaauts)
 A = Elapsed time spent in this place.
 B = Non-inter-level travel time spent in this place.
 C = Inter-level travel time spent in this place.
 D = Time resting spent in this place.
 E = Time spent auto-exploring this place.
 F = Levels seen in this place.
 G = Mean time per level.
                   A        B        C        D        E       F      G
               +--------+--------+--------+--------+--------+-----+--------+
         Total |   3423 |   3364 |     59 |     16 |   2322 |   5 |  684.6 |
       Dungeon |   2610 |   2551 |     59 |      0 |   1746 |   4 |  652.5 |
         Sewer |    813 |    813 |      0 |     16 |    576 |   1 |  813.0 |
               +--------+--------+--------+--------+--------+-----+--------+

Top non-repeatable levels by time:
     D:2: 1048 daAuts
     D:1: 830 daAuts
   Sewer: 813 daAuts
     D:3: 639 daAuts
     D:6: 92 daAuts
